 Dungeon Crawl Stone Soup version 0.18.1-48-g4cf74bf (webtiles) character file.

277 Gargoyl the Skirmisher (level 6, -7/48 HPs)
             Began as a Demonspawn Abyssal Knight on Aug 26, 2016.
             Was a Priest of Lugonu.
             Mangled by an ogre
             ... wielding a +0 giant spiked club
              (19 damage)
             ... on level 4 of the Dungeon.
             The game lasted 00:06:13 (3157 turns).

Gargoyl the Skirmisher (Demonspawn Abyssal Knight)  Turns: 3157, Time: 00:06:13

Health: -7/48      AC: 17    Str: 14    XL:     6   Next: 4%
Magic:  8/8        EV:  6    Int: 14    God:    Lugonu [***...]
Gold:   113        SH:  3    Dex: 11    Spells: 0 memorised, 5 levels left

rFire  . . .     SeeInvis .     p - +0 war axe
rCold  . . .     Gourm    .     s - +0 chain mail
rNeg   . . .     Faith    .     q - +0 buckler
rPois  .         Spirit   .     (no helmet)
rElec  .         Dismiss  .     f - +0 cloak
rCorr  .         Reflect  .     (no gloves)
SustAt .         Harm     .     a - +2 pair of boots
MR     .....                    (no amulet)
Stlth  ..........               (no ring)
                                (no ring)

@: not resistant to hostile enchantments, extremely unstealthy
A: rough black scales 1
a: Depart the Abyss, Bend Space, Banish, Renounce Religion


You were on level 4 of the Dungeon.
You worshipped Lugonu.
Lugonu was most pleased with you.
You were not hungry.

You visited 1 branch of the dungeon, and saw 4 of its levels.
You visited the Abyss 1 time.

You collected 113 gold pieces.

Inventory:

Hand Weapons
 p - a +0 war axe (weapon)
Armour
 a - a +2 pair of boots (worn)
 f - a +0 cloak (worn)
 q - a +0 buckler (worn)
 s - a +0 chain mail (worn)
Scrolls
 h - 2 scrolls of remove curse {unknown}
 i - 5 scrolls of identify {unknown}
 n - a scroll of immolation {unknown}
 o - a scroll of recharging {unknown}
 r - a scroll of enchant weapon {unknown}
 t - 2 scrolls of teleportation {unknown}
Potions
 b - a potion of ambrosia {unknown}
 e - a potion of haste {unknown}
 g - a potion of flight
 j - a potion of degeneration {unknown}
 m - a potion of lignification {unknown}
Comestibles
 c - a bread ration
 k - 3 beef jerkies
 l - a meat ration


   Skills:
 + Level 4.2 Fighting
 + Level 2.9 Axes
 * Level 3.6 Armour
 + Level 2.2 Dodging
 + Level 0.3 Shields
 + Level 2.9 Invocations


You had 5 spell levels left.
You didn't know any spells.

Dungeon Overview and Level Annotations

Branches:
Dungeon (4/15)
 Temple: D:4-7

Altars:
Dithmenos
Elyvilon
Qazlal
Zin
The Shining One


Innate Abilities, Weirdness & Mutations

You are partially covered in rough black scales (AC +4, Dex -1).


Message History

* * * LOW HITPOINT WARNING * * *
The jackal barely misses you.
You completely miss the ogre.
The ogre is moderately wounded.
You barely miss the jackal. You closely miss the jackal. x2
The jackal barely misses you.
The jackal bites you but does no damage.
The ogre hits you with a giant spiked club!
* * * LOW HITPOINT WARNING * * *
The jackal bites you but does no damage. x2
The jackal bites you.
* * * LOW HITPOINT WARNING * * *
The jackal completely misses you.
Unknown command.
Drink which item? (? for menu, Esc to quit)
You feel better. The jackal bites you.
* * * LOW HITPOINT WARNING * * *
The jackal bites you but does no damage.
The ogre hits you with a giant spiked club!!
You die...

###..#####
####........#
..........?.
#...........
#...........
##...........
#$..h........
#.O@h<.......
#...h.......#
#...........#
#......../.##
#........!##
#.........#
#........##
.......(##


You could see an ogre and 3 jackals.

Vanquished Creatures
  A jelly (D:3)
  An orc wizard (D:3)
  An iron imp (Abyss:1)
  Terence (D:3)
  3 gnolls (D:2)
  5 adders
  An ooze (D:3)
  A worm (D:3)
  2 dart slugs
  A giant gecko (D:1)
  7 orcs (D:3)
  2 ball pythons (D:2)
  9 bats
  3 giant cockroaches
  10 goblins
  8 hobgoblins
  3 jackals (D:2)
  8 kobolds
  6 giant newts
  4 rats
77 creatures vanquished.

Notes
Turn   | Place    | Note
--------------------------------------------------------------
     0 | Abyss:1  | Gargoyl the Demonspawn Abyssal Knight began the quest for the Orb.
     0 | Abyss:1  | Reached XP level 1. HP: 18/18 MP: 2/2
    80 | Abyss:1  | Noticed an iron imp
    91 | Abyss:1  | Killed an iron imp
    91 | Abyss:1  | Gained mutation: You are partially covered in rough black scales (AC +4, Dex -1). [demonic ancestry]
    91 | Abyss:1  | Reached XP level 2. HP: 15/24 MP: 4/4
   101 | Abyss:1  | Noticed an ice dragon zombie
   114 | Abyss:1  | Noticed a kobold demonologist
   118 | Abyss:1  | Noticed a ynoxinul
   120 | D:1      | Escaped the Abyss
   214 | D:1      | Reached XP level 3. HP: 29/29 MP: 5/5
   360 | D:1      | Reached * piety under Lugonu
  1017 | D:1      | Reached skill level 1 in Dodging
  1183 | D:2      | Reached XP level 4. HP: 37/37 MP: 6/6
  1253 | D:2      | Reached ** piety under Lugonu
  1412 | D:2      | Reached skill level 4 in Fighting
  2212 | D:3      | Noticed Terence
  2246 | D:3      | Reached XP level 5. HP: 29/42 MP: 7/7
  2256 | D:3      | Killed Terence
  2447 | D:3      | Found a shadowy altar of Dithmenos.
  2614 | D:3      | Reached *** piety under Lugonu
  2683 | D:3      | Found a stormy altar of Qazlal.
  2748 | D:3      | Reached XP level 6. HP: 44/48 MP: 8/8
  3054 | D:3      | Found a white marble altar of Elyvilon.
  3054 | D:3      | Found a glowing golden altar of the Shining One.
  3055 | D:3      | Found a glowing silver altar of Zin.
  3157 | D:4      | Mangled by an ogre

Skill      XL: |  1  2  3  4  5 |
---------------+----------------+-----
Axes           | 2 |  2.9
Armour         | 2 3 |  3.6
Dodging        | 1 2 |  2.2
Fighting       | 4 |  4.2
Shields        | |  0.3
Invocations    | |  2.9

Action                   |  1- 3 |  4- 6 || total
-------------------------+-------+-------++-------
Melee: Hand axe          |   100 |   146 ||   246
       War axe           |       |    77 ||    77
Invok: Depart the Abyss  |     1 |       ||     1
  Use: Potion            |       |     3 ||     3
  Eat: Chunk             |     1 |     7 ||     8
Armor: Leather armour    |    32 |       ||    32
       Ring mail         |    11 |    52 ||    63
       Chain mail        |       |   113 ||   113
Dodge: Dodged            |    83 |   131 ||   214
Block: Buckler           |       |    22 ||    22
